 Dungeon Crawl Stone Soup version 0.29.1-15-g9cfb28693d (webtiles) character file.

Game seed: 14790579812188007015

415 DemonSlayer the Digger (level 6, -6/42 HPs)
             Began as a Demonspawn Earth Elementalist on May 1, 2023.
             Killed by nerve-wracking pain
             ... invoked by Menkaure
              (14 damage)
             ... on level 5 of the Dungeon.
             The game lasted 00:08:57 (5575 turns).

DemonSlayer the Digger (DsEE)                       Turns: 5575, Time: 00:08:58

Health: -6/42      AC: 11    Str:  9    XL:     6   Next: 60%
Magic:  7/12       EV: 11    Int: 16    God:
Gold:   104        SH:  3    Dex: 15    Spells: 3/13 levels left

rFire   + . .      SeeInvis .   l - +2 falchion (vorpal)
rCold   . . .      Faith    .   s - +0 buckler
rNeg    . . .      Spirit   .   g - +3 leather armour
rPois   .          Reflect  .   r - +2 helmet
rElec   .          Harm     .   (no cloak)
rCorr   .          Rampage  .   (no gloves)
Will    .....                   (no boots)
Stlth   ++........              (no amulet)
HPRegen 0.14/turn               h - ring of wizardry
MPRegen 0.13/turn               t - ring of protection from fire

@: very slightly contaminated
A: slimy green scales 1, foul stench 1, powered by pain 1, demonic touch 1
a: no special abilities


You were on level 5 of the Dungeon.
You visited 1 branch of the dungeon, and saw 5 of its levels.

You collected 321 gold pieces.
You spent 217 gold pieces at shops.

Inventory:

Hand Weapons
 f - a +4 whip of venom
 l - a +2 vorpal falchion (weapon)
Armour
 g - a +3 leather armour (worn)
 r - a +2 helmet (worn)
 s - a +0 buckler (worn)
Jewellery
 h - a ring of wizardry (left hand)
 p - a ring of see invisible
 t - a ring of protection from fire (right hand)
Wands
 c - a wand of acid (10)
 y - a wand of iceblast (9)
Scrolls
 i - 2 scrolls of teleportation
 k - 2 scrolls of magic mapping
 m - 2 scrolls of identify
 v - 2 scrolls of blinking
 x - a scroll of immolation
Potions
 a - a potion of lignification {unknown}
 b - a potion of magic
 d - 2 potions of haste
 e - a potion of brilliance
 j - a potion of curing {unknown}
 o - 2 potions of heal wounds
 q - a potion of degeneration {unknown}
 u - a potion of might {unknown}
 z - a potion of flight {unknown}


   Skills:
 + Level 0.3 Fighting
 + Level 1.1 Maces & Flails
 + Level 1.7 Armour
 + Level 2.1 Dodging
 + Level 2.9 Stealth
 + Level 0.2 Shields
 + Level 4.0 Spellcasting
 + Level 0.8 Transmutations
 + Level 4.3 Earth Magic


You had 3 spell levels left.
You knew the following spells:

 Your Spells              Type           Power      Damage    Failure   Level
a - Sandblast             Erth           34%        2d9       2%          1
b - Passwall              Tmut/Erth      9%         N/A       7%          2
c - Stone Arrow           Conj/Erth      20%        3d8       16%         3
d - Petrify               Tmut/Erth      11%        N/A       38%         4

Your spell library contained the following spells:

 Spells                   Type           Power      Damage    Failure   Level


Dungeon Overview and Level Annotations

Branches:
Dungeon (5/15)
 Temple: D:4-7

Altars:

Shops:
D:2 ?   D:4 ?

Annotations:
D:5 Menkaure


Innate Abilities, Weirdness & Mutations

You are partially covered in slimy green scales. (AC +2)
You may rarely emit foul miasma when damaged in melee.
You sometimes gain a little power by taking damage.
Your touch may inflict minor irresistible damage on your foes.


Message History

Found a scroll of identify.
The blast of sand hits Menkaure.
Menkaure is moderately damaged.
The blast of sand misses Menkaure.
The blast of sand hits the iguana.
The iguana is moderately wounded.
The iguana barely misses you.
You miscast Sandblast.
You are very lightly contaminated with residual magic.
Nothing appears to happen.
The iguana bites you!
You emit a cloud of foul miasma!
Menkaure calls on the powers of darkness!
The iguana convulses!
Your body is wracked with pain!
You are too injured to fight recklessly!
Unknown command.
You hit the iguana but do no damage.
The iguana is heavily wounded.
The iguana is engulfed in dark miasma.
The iguana is poisoned.
You kill the iguana!
Your Spellcasting skill increases to level 4!
You barely miss Menkaure.
Menkaure is moderately damaged.
You block Menkaure's attack.
You hit Menkaure.
Menkaure is moderately damaged.
Menkaure misses you.
You hit Menkaure.
Menkaure is heavily damaged.
Menkaure misses you. Menkaure hits you!
* * * LOW HITPOINT WARNING * * *
Casting: Sandblast (safe; 2% risk of failure)
Confirm with . or Enter, or press ? or * to list all spells.
Aiming: Sandblast (safe; 2% risk of failure)
Press: ? - help, Shift-Dir - straight line, f - Menkaure
Aim: Menkaure (heavily damaged, 91% to hit)
The blast of sand hits Menkaure but does no damage.
Menkaure is heavily damaged.
Menkaure casts a spell at you. Pain shoots through your body!
You die...

####. .# #.... .#### #
....#.... . :...... .
. ..... .... . ...
#... #..# # .....#$.#
#.. . .......M######.#
.
....##.#@..#...######
. #..+...+...#....# .
#.?#...#...#....## .
#..#.............# ..
#......###.......#...
#......# #....##.#...
.........#
#...........
.....#.###
#.........##
........#....###.....#


You could see Menkaure.

Vanquished Creatures
  A necrophage (D:5)
  3 hounds (D:4)
  An orc priest (D:4)
  An orc wizard (D:4)
  2 iguanas
  4 gnolls (D:4)
  3 adders
  An ufetubus (D:4)
  2 worms
  7 orcs
  5 endoplasms
  3 giant cockroaches
  6 goblins
  6 hobgoblins
  12 kobolds
  2 quokkas (D:2)
  8 ball pythons
  6 bats
  3 frilled lizards
  8 rats
84 creatures vanquished.

Vanquished Creatures (others)
  A fungus (D:4)
1 creature vanquished.

Grand Total: 85 creatures vanquished

Notes
Turn   | Place    | Note
-------+----------+-------------------------------------------
     0 | D:1      | DemonSlayer the Demonspawn Earth Elementalist began the
                  | quest for the Orb.
     0 | D:1      | Reached XP level 1. HP: 13/13 MP: 3/3
    60 | D:1      | Found a faded altar of an unknown god.
   245 | D:1      | Gained mutation: You sometimes gain a little power by
                  | taking damage. [demonic ancestry]
   245 | D:1      | Reached XP level 2. HP: 19/19 MP: 5/5
   964 | D:1      | Learned a level 2 spell: Passwall
  1147 | D:2      | Gained mutation: You are partially covered in slimy green
                  | scales. (AC +2) [demonic ancestry]
  1147 | D:2      | Reached XP level 3. HP: 24/24 MP: 2/6
  1634 | D:2      | Found Enkuv's Magic Scroll Shoppe.
  1642 | D:2      | Bought a scroll of identify for 28 gold pieces
  1642 | D:2      | Bought a scroll of teleportation for 42 gold pieces
  1642 | D:2      | Bought a scroll of teleportation for 42 gold pieces
  2086 | D:2      | Learned a level 3 spell: Stone Arrow
  2461 | D:3      | Reached XP level 4. HP: 26/30 MP: 5/8
  2870 | D:4      | Reached skill level 1 in Maces & Flails
  2874 | D:4      | Gained mutation: Your touch may inflict minor irresistible
                  | damage on your foes. [demonic ancestry]
  2874 | D:4      | Reached XP level 5. HP: 35/35 MP: 2/9
  3526 | D:4      | Reached skill level 1 in Armour
  4042 | D:4      | Gained mutation: You may rarely emit foul miasma when
                  | damaged in melee. [demonic ancestry]
  4042 | D:4      | Reached XP level 6. HP: 20/41 MP: 6/11
  4276 | D:4      | Found Vub Sas's Magic Scroll Shoppe.
  4295 | D:4      | Bought a scroll of blinking for 105 gold pieces
  4657 | D:4      | Learned a level 4 spell: Petrify
  5274 | D:5      | Entered Level 5 of the Dungeon
  5564 | D:5      | Noticed Menkaure
  5575 | D:5      | Killed from afar by Menkaure

Illustrated notes

Levels and vault maps discovered:
D:1:      heliophobic_arrival_dark_side_of_the_moon, layout_basic,
          hellmonk_ecumenical_altar_run_dry, serial_corexii_hall,
          corexii_hall_statues_t, corexii_hall_statues_s, minmay_pentomino_u4
D:2:      minmay_inner_zag, layout_basic, serial_shops, shop_fountains
D:3:      layout_rooms, hangedman_decor_clover_reticule, nrook_campfire
D:4:      layout_cave_pods, serial_shops, shop, dreamdust_gnoll_farm
D:5:      layout_basic, mainiacjoe_overflow_alcove_2, eino_tiny_chamber,
          minmay_misc_feat_iff, chequers_decorated_corner, uniq_sigmund,
          uniq_menkaure, uniq_eustachio

Skill      XL: |  1  2  3  4  5  6 |
---------------+-------------------+-----
Earth Magic    | 3 4 |  4.3
Stealth        | 2 |  2.9
Maces & Flails | 1 |  1.1
Spellcasting   | 3 4 |  4.0
Armour         | 1 |  1.7
Dodging        | 2 |  2.1
Fighting       | |  0.3
Shields        | |  0.2
Transmutations | |  0.8

Action                   |  1- 3 |  4- 6 || total
-------------------------+-------+-------++-------
Melee: Whip              |    30 |    28 ||    58
       Falchion          |       |     6 ||     6
 Cast: Sandblast         |    50 |    70 ||   120
  Use: Scroll            |     2 |     9 ||    11
 Stab: Sleeping          |     4 |       ||     4
Armor: Robe              |     6 |       ||     6
       Leather armour    |    15 |    36 ||    51
Dodge: Dodged            |    11 |    55 ||    66
Block: Buckler           |       |     8 ||     8
